woodfighter, chaotic female orcish Cavewoman --------------- |.............-## |.<...........| # ----------- |.............| #####..........| |.._..........| |.........| ----.---|------ ##..........| -------- ## #### # |.........| #.......| # # ### ----------- ###|.......###k##@####`#### ## # ------------#####+....*>| # # ---.- ### |...........### |......-#### ## ###--...--# |..........| |......| # ---.--- #......|# |...........# --------#######+..>..| |.....|# |..........|############## # |.....-####.....`.# |....*....-- ##......| --(..-- -----.----- |.)...| ----- # ------- woodfighter the Cave Teen Experience level: 4 Strength: 16 Dexterity: 14 Constitution: 18 Intelligence: 10 Wisdom: 10 Charisma: 8 Health: 0(35) Energy: 11(11) Def: 3 Gold: 251 Moves: 1526 Dungeon seed: qXV80YMaaEoLT1V6 Game ID: woodfighter_1477178682 Your Inventory: Coins $ - 251 gold pieces Weapons a - a +1 club (weapon in hand) b - a +2 sling (alternate weapon; not wielded) Armor n - a blessed +0 pair of elven boots (being worn) q - an uncursed +0 leather armor (being worn) y - an uncursed +0 dwarvish cloak Comestibles c - an uncursed mango d - 2 uncursed tripe rations h - 3 uncursed food rations Scrolls p - an uncursed scroll of teleportation t - an uncursed scroll of fire v - an uncursed scroll of scare monster w - an uncursed scroll of create monster Potions f - an uncursed potion of levitation j - an uncursed potion of water l - an uncursed potion of polymorph r - an uncursed potion of hallucination Rings u - a cursed ring of slow digestion Wands s - a wand of cancellation (0:4) Gems e - 10 uncursed flints (in quiver) Spells and supernatural/magical abilities: Name Level Category Fail Memory W - pray for help -- divine ? -- Your skills at the end: Miscellaneous Skills bare handed combat [Basic] Weapon Skills scimitar [Basic] club [Basic] sling [Basic] Spellcasting Skills Final Attributes: You were piously aligned. You were poison resistant. You had infravision. You were very stealthy. You are dead. Vanquished creatures: a fog cloud a gas spore a hobbit 2 geckos 2 giant rats a green mold a red mold 2 garter snakes 4 jackals 2 kobolds 8 newts 2 grid bugs 3 lichens 30 creatures vanquished. Voluntary challenges: You did not adorn yourself with jewelry or accessories. You did not cause conflict. You were not invisible. You did not have reflection. You were not displaced. You used a wielded weapon 36 times, starting on turn 2. You did not use tools. You did not use sinks. You did not drink any magical draughts. You were illiterate. You never genocided any monsters. You never polymorphed an object. You never changed form. You used no wishes. You never split a pudding. You never wrote Elbereth's name. You never violated your personal moral code. Dungeon overview: The Dungeons of Doom: levels 1 to 5 Level 1 (w) a long staircase Level 2 (w) a general store Level 3 Level 4 <- You were here an altar to Ishtar stairs to The Gnomish Mines Level 5 The Gnomish Mines: Level 5 stairs to The Dungeons of Doom History has recorded: On T:1 you entered the Dungeons of Doom to retrieve the Amulet of Yendor! On T:168 you reached level 2 of The Dungeons of Doom. On T:317 you advanced to experience level 2. On T:628 you reached level 3 of The Dungeons of Doom. On T:977 you reached level 4 of The Dungeons of Doom. On T:1180 you advanced to experience level 3. On T:1349 you reached level 5 of The Dungeons of Doom. On T:1448 you reached level 1 of The Gnomish Mines. On T:1493 you advanced to experience level 4. Score breakdown: Gold: 251 ( 25 points) Experience: 4 levels ( 300 points) Exploration: 5 levels ( 120 points) Discoveries: 12 items ( 600 points) Variety of kills: 13 monsters ( 650 points) Major goal: (nothing yet) ( 0 points) Survival: died (score multiplied by 3) Total score: 5085 Latest messages: You stop exploring. You kill the grid bug! You see here 6 rocks. You stop exploring. The grid bug bites! You get zapped! You kill the grid bug! You see here a rock. A trap door in the ceiling opens and a rock falls on your head! The door resists! The door opens. With great effort you move the boulder. You stop exploring. You hit the fog cloud. (2x) You hit the fog cloud! You miss the fog cloud. You hit the fog cloud. The fog cloud engulfs you! You are laden with moisture and can barely breathe! You destroy the fog cloud! Welcome to experience level 4. The door opens. You feel agile! You must have been working on your reflexes. You stop exploring. You kill the gas spore! You are caught in the gas spore's explosion! Final status: Goodbye woodfighter the Cavewoman, killed by a gas spore's explosion... You died in The Dungeons of Doom on dungeon level 4 with 5085 points, and 251 pieces of gold, after 1526 moves. You were level 4 with a maximum of 35 hit points when you died.